 Dungeon Crawl Stone Soup version 0.19.5 (webtiles) character file.

10469 Haldmier the Carver (level 11, -2/74 (75) HPs)
             Began as a High Elf Skald on Apr 8, 2017.
             Was a Believer of Ashenzari.
             Slain by an eight-headed hydra (10 damage)
             ... on level 1 of the Lair of Beasts.
             The game lasted 01:05:43 (13788 turns).

Haldmier the Carver (High Elf Skald)               Turns: 13788, Time: 01:05:43

HP:   -2/74 (75)    AC: 14    Str: 14    XL:     11   Next: 36%
MP:   18/18         EV: 16    Int: 18    God:    Ashenzari [**....]
Gold: 479           SH:  6    Dex: 14    Spells: 4 memorised, 9 levels left

rFire  . . .     SeeInvis .     W - +7 dagger "Embalmer" {flame, rN+ MR+} (curse)
rCold  . . .     Gourm    .     h - +0 troll leather armour
rNeg   + . .     Faith    .     (no shield)
rPois  .         Spirit   .     E - +1 helmet (curse)
rElec  .         Reflect  +     D - +0 cloak (curse)
rCorr  .         Harm     .     v - +2 pair of gloves (curse)
MR     ++...                    (no boots)
Stlth  +++++.....               t - +6 amulet of reflection (curse)
                                B - ring of stealth
                                P - +4 ring of protection (curse)

@: no status effects
A: no striking features
a: Curse Item, Scrying, Renounce Religion


You were on level 1 of the Lair of Beasts.
You worshipped Ashenzari.
Ashenzari was pleased with you.
You were not hungry.

You visited 3 branches of the dungeon, and saw 12 of its levels.

You collected 779 gold pieces.
You spent 300 gold pieces at shops.

Inventory:

Hand Weapons
 k - a +3 hunting sling of velocity
 T - a +0 long sword
 U - a +0 hand axe of flaming
 W - the cursed +7 dagger "Embalmer" (weapon) {flame, rN+ MR+}
   (You found it on level 6 of the Dungeon)

   It has been specially enchanted to burn those struck by it, causing extra
   injury to most foes and up to half again as much damage against particularly
   susceptible opponents.
   It protects you from negative energy.
   It affects your resistance to hostile enchantments.
   It has a curse placed upon it.
Missiles
 z - 3 throwing nets
 C - 7 tomahawks (quivered)
 S - 62 sling bullets
Armour
 h - a +0 troll leather armour (worn)
 n - the +2 cloak "Hin Mapp" {rF+ rC+++ Str+3 Int-3}
   (You found it on level 10 of the Dungeon)

   It affects your strength (+3).
   It affects your intelligence (-3).
   It protects you from fire.
   It renders you almost immune to cold.
 v - a cursed +2 pair of gloves (worn)
 D - a cursed +0 cloak (worn)
 E - a cursed +1 helmet (worn)
Jewellery
 g - an uncursed ring of protection from magic
 i - an uncursed ring of protection from magic
 t - a cursed +6 amulet of reflection (around neck)
 A - an uncursed ring of protection from fire
 B - a ring of stealth (right hand)
 I - an uncursed ring of wizardry
 P - a cursed +4 ring of protection (left hand)
 X - an uncursed ring of protection from fire
 Y - a +4 ring of strength
Wands
 j - a wand of lightning (9/15)
 u - a wand of acid (13/15)
 F - a wand of lightning (15/15)
 K - a wand of flame (14/48)
Scrolls
 l - a scroll of amnesia
 m - 3 scrolls of blinking
 o - a scroll of enchant armour
 p - 4 scrolls of enchant weapon
 x - 2 scrolls of teleportation
 y - 4 scrolls of remove curse
 N - 3 scrolls of recharging
 O - a scroll of magic mapping
Potions
 a - a potion of beneficial mutation {unknown}
 b - 2 potions of might
 e - 11 potions of curing
 f - 2 potions of resistance
 s - 2 potions of brilliance
 G - a potion of haste {unknown}
 J - a potion of ambrosia {unknown}
 M - a potion of berserk rage {unknown}
 Q - 3 potions of agility
 V - 2 potions of lignification
 Z - 4 potions of magic
Books
 c - a book of Battle

   Spells                             Type                      Level
   a - Infusion                       Charms                       1
   b - Shroud of Golubria             Charms/Translocation         2
   c - Song of Slaying                Charms                       2
   d - Spectral Weapon                Hexes/Charms                 3
   e - Regeneration                   Charms/Necromancy            3
 H - a book of Callings

   Spells                             Type                      Level
   a - Summon Small Mammal            Summoning                    1
   b - Call Imp                       Summoning                    2
   c - Call Canine Familiar           Summoning                    3
   d - Summon Guardian Golem          Hexes/Summoning              3
   e - Summon Lightning Spire         Summoning/Air                4
   f - Summon Ice Beast               Ice/Summoning                4
 R - a book of Geomancy

   Spells                             Type                      Level
   a - Sandblast                      Earth                        1
   b - Passwall                       Transmutation/Earth          2
   c - Stone Arrow                    Conjuration/Earth            3
   d - Petrify                        Transmutation/Earth          4
   e - Lee's Rapid Deconstruction     Earth                        5
Comestibles
 d - 8 bread rations
 q - 7 fruits
 r - 10 royal jellies
 w - 7 meat rations


   Skills:
 + Level 7.2 Fighting
 - Level 5.7(9.9) Short Blades
 - Level 9.3(10.0) Long Blades
 - Level 0.8 Armour
 + Level 6.7(8.2) Dodging
 + Level 8.8(10.2) Stealth
 - Level 4.2 Spellcasting
 - Level 4.0(5.3) Hexes
 - Level 8.5(9.9) Charms
 - Level 3.0(4.3) Necromancy
 - Level 3.0(4.3) Translocations
 - Level 3.2(4.5) Evocations


You had 9 spell levels left.
You knew the following spells:

 Your Spells              Type           Power        Failure   Level  Hunger
a - Infusion              Chrm           ####         1%          1    None
b - Shroud of Golubria    Chrm/Tloc      ####......   1%          2    ##.....
c - Spectral Weapon       Hex/Chrm       ####....     2%          3    ###....
d - Regeneration          Chrm/Necr      ####......   2%          3    ###....


Dungeon Overview and Level Annotations

Branches:
Dungeon (10/15)            Temple (1/1) D:7            Lair (1/6) D:10
    Orc (0/2) D:10

Altars:
Ashenzari
Cheibriados
Dithmenos
Elyvilon
Fedhas
Gozag
Hepliaklqana
Kikubaaqudgha
Makhleb
Nemelex Xobeh
Okawaru
Qazlal
Ru
Sif Muna
Trog
Uskayaw
Vehumet
Xom
Yredelemnul
Zin
The Shining One

Shops:
D:7 }   D:8 =*


Message History

You block the eight-headed hydra's attack.
The eight-headed hydra bites you! The eight-headed hydra bites you.
The eight-headed hydra bites you! x2
The eight-headed hydra closely misses you.
You block the eight-headed hydra's attack.
The eight-headed hydra barely misses you.
There is an open door, spattered with blood here.
You take 41 damage, and have 33/74 hp.
MASSIVE DAMAGE!!
You hit the eight-headed hydra. You burn the eight-headed hydra.
The eight-headed hydra is lightly wounded.
The eight-headed hydra bites you but does no damage.
The eight-headed hydra misses you. The eight-headed hydra bites you!
* * * LOW HITPOINT WARNING * * *
The eight-headed hydra barely misses you.
The eight-headed hydra bites you!
* * * LOW HITPOINT WARNING * * *
The eight-headed hydra barely misses you.
The eight-headed hydra bites you but does no damage.
The eight-headed hydra bites you!
You die...

* * *
#.......# ,
#.......# *
* #.......#
.. #.......#
...+.......#
* #........#
* #..D....#
#@#* #.##
########
#.P#
.......##
#.##
........#
#.#
.......##
#.# .......#
#.#
.......##
#.##
........#
#..##


You could see an eight-headed hydra.

Vanquished Creatures
  A hill giant (D:10)
  An elephant (D:10)
  Maurice (D:8)
  A black mamba (D:10)
  A spiny frog (Lair:1)
  A komodo dragon (Lair:1)
  2 trolls
  Prince Ribbit (D:7)
  5 blink frogs
  A hippogriff (Lair:1)
  7 yaks
  A wyvern (D:8)
  5 humans (D:8)
  Grum (D:7)
  Edmund (D:4)
  A water moccasin (Lair:1)
  A porcupine (D:10)
  2 orc warriors (D:10)
  2 ice beasts
  2 sky beasts
  A necrophage (D:9)
  4 ogres
  3 centaurs
  3 wolves (D:8)
  3 crocodiles
  6 bullfrogs
  A water moccasin zombie (D:6)
  5 scorpions
  A water moccasin skeleton (D:9)
  4 killer bees (D:8)
  6 wights
  5 crimson imps
  An electric eel (Lair:1)
  A bullfrog zombie (D:8)
  2 quasits
  8 hounds
  3 jellies (D:8)
  7 orc wizards
  3 centaur skeletons
  2 orc priests
  Crazy Yiuf (D:7)
  2 bullfrog skeletons
  2 iguanas
  7 worker ants
  A hound zombie (D:9)
  12 gnolls
  2 howler monkey skeletons
  9 adders
  A shadow imp (D:4)
  6 oozes
  An adder zombie (D:5)
  3 worms
  A dart slug (D:1)
  4 leopard geckos
  34 orcs
  5 bats
  5 giant cockroaches
  15 goblins
  7 hobgoblins
  14 jackals
  5 quokkas
  A ball python (D:2)
  A ball python zombie (D:5)
  4 frilled lizards
  A jackal skeleton (D:8)
  6 kobolds
  A quokka zombie (D:6)
  4 rats
262 creatures vanquished.

Vanquished Creatures (others)
  4 spectral weapons
4 creatures vanquished.

Grand Total: 266 creatures vanquished

Notes
Turn   | Place    | Note
-------+----------+-------------------------------------------
     0 | D:1      | Haldmier the High Elf Skald began the quest for the Orb.
     0 | D:1      | Reached XP level 1. HP: 14/14 MP: 4/4
   580 | D:1      | Reached skill level 3 in Long Blades
   756 | D:1      | Reached XP level 2. HP: 18/19 MP: 3/6
   763 | D:1      | Learned a level 2 spell: Shroud of Golubria
  1430 | D:2      | Reached skill level 1 in Translocations
  1430 | D:2      | Reached XP level 3. HP: 19/24 MP: 1/7
  1457 | D:2      | Learned a level 3 spell: Spectral Weapon
  1741 | D:2      | Reached skill level 4 in Long Blades
  1963 | D:2      | Reached skill level 1 in Hexes
  2393 | D:2      | Reached XP level 4. HP: 27/29 MP: 1/8
  3031 | D:2      | Reached XP level 5. HP: 34/34 MP: 2/9
  3605 | D:3      | Found a blossoming altar of Fedhas.
  3605 | D:3      | Found a burning altar of Makhleb.
  4175 | D:3      | Found a basalt altar of Yredelemnul.
  4388 | D:4      | Reached skill level 5 in Long Blades
  4485 | D:4      | Noticed Edmund
  4708 | D:4      | Reached XP level 6. HP: 33/39 MP: 6/10
  4713 | D:4      | Learned a level 3 spell: Regeneration
  5362 | D:4      | Reached skill level 1 in Necromancy
  5629 | D:4      | Found an iron altar of Okawaru.
  5631 | D:4      | Found a snail-covered altar of Cheibriados.
  5632 | D:4      | Found a deep blue altar of Sif Muna.
  5723 | D:4      | Killed Edmund
  5723 | D:4      | Reached XP level 7. HP: 32/45 MP: 0/11
  6010 | D:5      | Entered Level 5 of the Dungeon
  6237 | D:5      | Reached skill level 5 in Charms
  6359 | D:5      | Reached skill level 6 in Long Blades
  7385 | D:5      | Reached XP level 8. HP: 23/50 MP: 4/12
  7520 | D:6      | Reached skill level 7 in Long Blades
  7826 | D:6      | Got a scorched dagger
  8265 | D:6      | Reached skill level 8 in Long Blades
  8591 | D:7      | Found a staircase to the Ecumenical Temple.
  8613 | Temple   | Entered the Ecumenical Temple
  8854 | D:7      | Found Necyedimn's Quality Used Wands.
  8900 | D:7      | Noticed Prince Ribbit
  8915 | D:7      | Killed Prince Ribbit
  8915 | D:7      | Reached XP level 9. HP: 9/54 MP: 11/16
  9090 | D:7      | Found a sparkling altar of Nemelex Xobeh.
  9108 | D:7      | Reached skill level 9 in Long Blades
  9218 | D:7      | Found a runed door.
  9313 | D:7      | Found a sacrificial altar of Ru.
  9570 | D:7      | Found a shattered altar of Ashenzari.
  9605 | D:7      | Became a worshipper of Ashenzari the Shackled
  9608 | D:7      | Identified the +7 dagger "Embalmer" {flame, rN+ MR+} (You found it on level 6 of the Dungeon)
  9869 | D:7      | Noticed Crazy Yiuf
  9873 | D:7      | Killed Crazy Yiuf
  9873 | D:7      | Reached skill level 1 in Short Blades
 10027 | D:8      | Reached skill level 1 in Stealth
 10045 | D:8      | Found a shimmering altar of Xom.
 10045 | D:8      | Noticed Grum
 10070 | D:7      | Killed Grum
 10150 | D:8      | Found Vedyuroxt's Jewellery Shoppe.
 10306 | D:8      | Reached skill level 5 in Short Blades
 10366 | D:8      | Reached skill level 5 in Stealth
 10415 | D:8      | Bought a +6 amulet of reflection for 300 gold pieces
 10483 | D:8      | Found Zin's Purification Station.
 10495 | D:8      | Noticed Maurice
 10508 | D:8      | Killed Maurice
 10508 | D:8      | Reached XP level 10. HP: 63/63 MP: 13/17
 10719 | D:8      | Reached skill level 1 in Evocations
 10783 | D:8      | Found a glowing silver altar of Zin.
 10857 | D:8      | Found an opulent altar of Gozag.
 10929 | D:9      | Found a stormy altar of Qazlal.
 11666 | D:9      | Reached skill level 5 in Fighting
 11774 | D:9      | Reached * piety under Ashenzari
 11940 | D:10     | Entered Level 10 of the Dungeon
 12180 | D:10     | Noticed a hill giant
 12190 | D:10     | Killed a hill giant
 12190 | D:10     | Reached skill level 5 in Dodging
 12394 | D:10     | Found a staircase to the Orcish Mines.
 12498 | D:10     | Found a staircase to the Lair.
 12499 | D:10     | Noticed an elephant
 12533 | D:10     | Killed an elephant
 12533 | D:10     | Reached XP level 11. HP: 71/71 MP: 12/18
 12904 | D:10     | Identified the +2 cloak "Hin Mapp" {rF+ rC+++ Str+3 Int-3}
 13085 | Lair:1   | Entered Level 1 of the Lair of Beasts
 13609 | Lair:1   | Reached ** piety under Ashenzari
 13786 | Lair:1   | Noticed an eight-headed hydra
 13788 | Lair:1   | Slain by an eight-headed hydra

Skill      XL: |  1  2  3  4  5  6  7  8  9 10 11 |
---------------+----------------------------------+-----
Long Blades    | 3 4 5 6 8 9 |  9.3
Translocations | 1 2 3 |  3.0
Hexes          | 1 2 3 4 |  4.0
Charms         | 4 6 8 |  8.5
Necromancy     | 1 2 3 |  3.0
Spellcasting   | 4 |  4.2
Short Blades   | 5 |  5.7
Stealth        | 5 7 8 |  8.8
Fighting       | 3 6 7 |  7.2
Dodging        | 2 5 6 |  6.7
Evocations     | 3 |  3.2
Armour         | |  0.8

Action                   |  1- 3 |  4- 6 |  7- 9 | 10-12 || total
-------------------------+-------+-------+-------+-------++-------
Melee: Falchion          |    98 |   240 |   259 |       ||   597
       Dagger            |       |       |    94 |   272 ||   366
 Fire: Hunting sling     |    23 |       |       |       ||    23
 Cast: Infusion          |    17 |    17 |     6 |       ||    40
       Shroud of Golubri |     4 |    25 |    45 |    15 ||    89
       Spectral Weapon   |       |     6 |    41 |    20 ||    67
       Regeneration      |       |       |    17 |     7 ||    24
Invok: Curse Item        |       |       |     3 |     2 ||     5
Evoke: Wand              |       |       |     5 |       ||     5
  Use: Potion            |       |       |     1 |       ||     1
       Scroll            |       |       |    13 |     4 ||    17
 Stab: Distracted        |       |     2 |     7 |     4 ||    13
       Sleeping          |       |     1 |     5 |    19 ||    25
  Eat: Chunk             |     5 |    14 |    22 |    11 ||    52
       Pizza             |       |       |     1 |       ||     1
       Fruit             |       |       |       |     2 ||     2
       Beef jerky        |       |       |       |     1 ||     1
Armor: Leather armour    |    23 |    72 |   108 |    16 ||   219
       Troll leather arm |       |       |       |    32 ||    32
Dodge: Dodged            |    60 |   100 |   150 |    87 ||   397
Block: Other             |       |       |     2 |    32 ||    34
       Rpst.: Falchion   |    15 |    29 |    39 |       ||    83
